 Dungeon Crawl Stone Soup version 0.25-a0-265-g7af84ae (console) character file.

Game seed: 15066341898233834816, levelgen mode: deterministic

156892 vegansnacktivist the Tortoise (level 17, -15/149 HPs)
             Began as a Hill Orc Fighter on Dec 8, 2019.
             Was a High Priest of Beogh.
             Demolished by an orc knight
             ... wielding a +0 great sword
              (26 damage)
             ... on level 2 of the Orcish Mines on Dec 9, 2019.
             The game lasted 01:21:35 (32259 turns).

vegansnacktivist the Tortoise (Hill Orc Fighter)   Turns: 32259, Time: 01:21:36

Health: -15/149    AC: 22    Str: 26      XL:     17   Next: 38%
Magic:  24/24      EV: 16    Int:  5 (8)  God:    Beogh [*****.]
Gold:   2381       SH: 10    Dex:  9 (10) Spells: 10/16 levels left

rFire    + . .     SeeInvis .   b - +3 war axe (elec)
rCold    + . .     Gourm    .   K - +3 warlock's mirror {reflect}
rNeg     . . .     Faith    .   F - +2 chain mail {MR+}
rPois    +         Spirit   .   L - +1 hat
rElec    .         Reflect  +   g - scarf {rC+ rF+}
rCorr    .         Harm     .   t - +2 pair of gloves "Kuprapseaj" {rPois}
MR       ++...                  o - +0 pair of boots
Stlth    ..........             (no amulet)
HPRegen  0.34/turn              w - +3 ring of slaying
MPRegen  0.19/turn              q - +3 ring of evasion

@: studying Armour, lightly drained
A: walk on water
}: 1/15 runes: gossamer
a: Smiting, Recall Orcish Followers, Give Item to Named Follower, Renounce
Religion


You were on level 2 of the Orcish Mines.
You worshipped Beogh.
Beogh was extremely pleased with you.
You were not hungry.

You visited 5 branches of the dungeon, and saw 28 of its levels.
You also visited: Ossuary.

You collected 2381 gold pieces.

Inventory:

Hand Weapons
 b - a +3 war axe of electrocution (weapon)
Missiles
 m - 6 throwing nets
 p - 84 poisoned darts
 P - 5 javelins
 U - 7 curare-tipped darts (quivered)
Armour
 g - a scarf of resistance (worn)
 o - a +0 pair of boots (worn)
 t - the +2 pair of gloves "Kuprapseaj" (worn) {rPois}
   (You found it on level 2 of the Lair of Beasts)

   It protects you from poison.
 F - a +2 chain mail of magic resistance (worn)
 K - the +3 warlock's mirror (worn) {reflect}
   (You found it on level 12 of the Dungeon)
 L - a +1 hat (worn)
Jewellery
 q - a +3 ring of evasion (right hand)
 w - a +3 ring of slaying (left hand)
 I - an uncursed ring of see invisible
 S - an uncursed ring of protection from magic
Wands
 c - a wand of flame (6)
 s - a wand of random effects (25)
 u - a wand of digging (6)
 v - a wand of disintegration (2)
 z - a wand of enslavement (17)
 G - a wand of paralysis (24)
 Y - a wand of iceblast (15)
Scrolls
 e - a scroll of vulnerability {unknown}
 h - 8 scrolls of remove curse
 j - 10 scrolls of fog
 y - a scroll of fear
 C - 9 scrolls of teleportation
 H - 4 scrolls of blinking
 O - 3 scrolls of magic mapping
 R - a scroll of silence {unknown}
Potions
 a - 8 potions of agility
 d - 3 potions of might
 k - 6 potions of haste
 l - 9 potions of resistance
 n - 5 potions of flight
 r - 5 potions of heal wounds
 A - 10 potions of curing
 B - 4 potions of cancellation
 D - 2 potions of invisibility
 J - 2 potions of brilliance
 M - a potion of berserk rage
 V - 6 potions of ambrosia
Books
 N - a manual of Armour
Miscellaneous
 x - a lightning rod (1/4)
 W - a sack of spiders
 Z - a phial of floods
Comestibles
 f - 50 rations


   Skills:
 - Level 13.1(12.7) Fighting
 - Level 15.5(15.1) Axes
 + Level 17.4(16.9) Armour
 - Level 11.0(10.5) Dodging
 - Level 15.2(14.8) Shields
 - Level 10.0(9.6) Invocations
 - Level 9.1(8.7) Evocations


You had 10 spell levels left.
You knew the following spells:

 Your Spells              Type           Power        Failure   Level  Hunger
a - Blink                 Tloc           N/A          95%         2    ###....
b - Mephitic Cloud        Conj/Pois/Air  #.......     99%         3    ####...
c - Apportation           Tloc           #.....       88%         1    ##.....

Your spell library contained the following spells:

 Spells                   Type           Power        Failure   Level  Hunger
 Animate Skeleton         Necr           N/A          88%         1    ##.....
 Confusing Touch          Hex            #.....       88%         1    ##.....
 Magic Dart               Conj           #...         88%         1    ##.....
 Summon Small Mammal      Summ           #...         88%         1    ##.....
 Call Imp                 Summ           #.......     95%         2    ###....
 Slow                     Hex            #.......     95%         2    ###....
 Conjure Flame            Conj/Fire      #.......     99%         3    ####...
 Ice Form                 Ice/Tmut       #.......     100%        4    #####..
 Metabolic Englaciation   Hex/Ice        #.........   100%        5    ######.
 Freezing Cloud           Conj/Ice/Air   #.........   100%        6    #######
 Ozocubu's Refrigeration  Ice            #.........   100%        6    #######
 Simulacrum               Ice/Necr       #.........   100%        6    #######


Dungeon Overview and Level Annotations

Branches:
Dungeon (15/15)            Temple (1/1) D:6            Lair (6/6) D:9
 Shoals (0/4) Lair:2       Spider (4/4) Lair:3        Slime (0/5) Lair:5
    Orc (2/2) D:12         Vaults (0/5) D:13         Depths (0/5) D:15
Ossuary (visited)
    Elf: Orc:2

Altars:
Ashenzari
Cheibriados
Dithmenos
Elyvilon
Fedhas
Gozag
Hepliaklqana
Kikubaaqudgha
Makhleb
Nemelex Xobeh
Okawaru
Qazlal
Ru
Sif Muna
Trog
Uskayaw
Vehumet
Wu Jian
Xom
Yredelemnul
Zin
The Shining One
Jiyva

Shops:
D:4 *   D:7 =   D:15 }   Orc:2 =[

Portals:
Trove: D:15 (give horn of Geryon)

Annotations:
D:9 3 runed translucent doors, SkeletonJelly's ghost, novice MiGl


Message History

The ynoxinul disappears in a puff of smoke!
Your orc wizard looks more experienced.
The thunderbolt hits the orc knight!
The orc knight is moderately wounded.
The orc knight hits your orc warrior with a cursed -1 great sword!!
Your orc warrior dies!
The orc high priest hits you from afar with a +0 glaive!
* * * LOW HITPOINT WARNING * * *
The orc warrior hits you with a +0 glaive!
* * * LOW HITPOINT WARNING * * *
Your orc wizard hits the orc high priest with a +0 dagger.
Your orc warrior hits the orc knight with a +0 battleaxe!!
Your orc warrior barely misses the orc warrior.
Your orc warrior hits the orc knight with a +0 battleaxe!!
The orc knight dies!
Beogh accepts your kill.
Your orc warrior looks more experienced.
Your orc warrior closely misses the orc high priest.
The orc knight hits you with a +0 great sword!!
You die...

#....#.. #∩....∩#
#####)))... ##..)...##
#.........# #...÷..÷.#
#........## #.....÷..#
#..).....#.
#..o.☼..÷###o..)....##
#...o)o)..##o[.o....##
#÷.5ooo÷÷.##.ooo......
#.3o@)§.##..oo#......
##5ooo####)..###.....
#4.o.o##.o..# ....#
###..ooo...## .#.##
##...oo.## ###
###...## #####


You could see 2 orc knights, 2 orc high priests, a neqoxec, an orc sorcerer, a
red devil, an orc warrior, 2 iron imps, a friendly orc knight, 4 friendly orc
warriors, 3 friendly orc priests, 2 friendly orc wizards and a friendly orc.

Vanquished Creatures
  5 emperor scorpions
  3 ghost moths
  2 entropy weavers
  Azrael (D:15)
  A fire dragon (Lair:6)
  Harold (D:9)
  A rakshasa (D:14)
  5 hydras
  5 two-headed ogres
  A death knight (D:14)
  A dancing weapon (D:13)
  An ogre mage (D:15)
  A queen ant (Lair:5)
  An orc high priest (Orc:2)
  2 unseen horrors (D:13)
  9 skeletal warriors
  A swamp dragon (Lair:6)
  Pikel (D:5)
  8 wizards (D:12)
  A necromancer (D:15)
  A fire giant zombie (D:15)
  2 phantasmal warriors
  17 wolf spiders
  A deep elf mage (D:14)
  3 moths of wrath
  12 orb spiders
  A cyclops (D:13)
  An orc sorcerer (Orc:2)
  6 ugly things
  Joseph (D:9)
  3 black mambas
  A torpor snail (Spider:3)
  5 spiny frogs
  A yaktaur zombie (D:15)
  A kobold demonologist (D:14)
  3 rime drakes (Lair:6)
  6 demonic crawlers
  A freezing wraith (D:14)
  3 komodo dragons
  2 trolls
  15 jumping spiders
  3 polar bears (Lair:6)
  A raiju (Lair:6)
  12 blink frogs
  4 hippogriffs
  4 dream sheep (Lair:5)
  35 redbacks
  19 tarantellas
  3 wraiths
  A shadow (D:8)
  29 yaks
  3 wyverns
  2 steam dragons (Lair:6)
  A hog (Spider:2)
  A fire elemental (D:15)
  3 basilisks
  2 wargs (Orc:1)
  2 soldier ants
  An acid dragon (D:15)
  4 hell hounds
  8 water moccasins
  11 porcupines
  2 ice beasts
  6 orc warriors
  4 phantoms
  9 black bears
  3 swamp drakes (Lair:6)
  A sky beast (D:9)
  A slave (D:5)
  11 ogres
  A necrophage (D:10)
  9 wolves
  8 centaurs
  12 crocodiles
  4 big kobolds
  5 elf zombies (Ossuary)
  18 bullfrogs
  4 scorpions
  6 killer bees
  7 wights
  4 electric eels
  4 howler monkeys
  2 crimson imps
  4 centaur zombies
  2 bullfrog zombies
  6 orc priests
  A centaur skeleton (D:8)
  4 human zombies (Ossuary)
  Crazy Yiuf (D:2)
  2 bullfrog skeletons
  3 hounds
  12 jellies
  7 iguanas
  16 orc wizards
  Jessica (D:2)
  Natasha (thrice) (D:3)
  8 worker ants
  A killer bee zombie (D:8)
  A hound zombie (D:11)
  3 mummies (Ossuary)
  A howler monkey zombie (D:5)
  13 adders
  7 gnolls
  3 shadow imps
  An adder zombie (D:5)
  4 worms
  4 dart slugs
  3 leopard geckos
  34 orcs
  5 ball pythons
  7 giant cockroaches
  14 goblins
  11 hobgoblins
  8 jackals
  21 kobolds
  5 quokkas
  9 bats
  6 frilled lizards
  A leopard gecko zombie (D:7)
  8 rats
  6 fungi
  7 plants
660 creatures vanquished.

Vanquished Creatures (collateral kills)
  Arachne (Spider:2)
  Rupert (Lair:5)
  Kirke (Spider:2)
  Aizul (Spider:2)
  5 emperor scorpions
  5 entropy weavers
  Nessos (D:15)
  3 spark wasps
  An orc high priest (Lair:6)
  3 centaur warriors
  A dancing weapon (D:13)
  3 hydras
  5 two-headed ogres
  4 orc knights
  2 skeletal warriors
  3 wizards (D:12)
  A lindwurm (Lair:5)
  17 wolf spiders
  11 orb spiders
  An ugly thing (D:12)
  A manticore (D:13)
  2 cyclopes
  2 torpor snails
  3 black mambas
  A guardian serpent (Lair:2)
  A stone giant skeleton (D:15)
  A gargoyle (D:14)
  8 spiny frogs
  A yaktaur (D:15)
  2 rime drakes
  11 demonic crawlers
  5 komodo dragons
  An efreet (D:15)
  A yaktaur skeleton (D:15)
  3 trolls
  6 polar bears (Lair:6)
  26 jumping spiders
  4 raiju (Lair:6)
  13 blink frogs
  A hippogriff (D:10)
  A hornet (Spider:4)
  3 dream sheep (Lair:5)
  43 redbacks
  2 hogs (Spider:2)
  24 tarantellas
  9 yaks
  A fire elemental (D:15)
  A basilisk (Lair:4)
  A human (D:10)
  A hungry ghost (D:10)
  6 wargs
  4 soldier ants (Lair:5)
  3 acid dragons (Lair:6)
  7 water moccasins
  8 hell hounds (Lair:6)
  3 porcupines
  4 orc warriors
  5 black bears (Lair:6)
  A swamp drake (Lair:6)
  An ice beast (D:11)
  A phantom (D:13)
  8 wolves
  9 centaurs
  6 crocodiles
  6 bullfrogs
  A wyvern skeleton (D:15)
  A water moccasin skeleton (D:10)
  A wight (D:9)
  3 killer bees
  2 electric eels
  2 crimson imps (D:10)
  3 bullfrog zombies (D:10)
  A jelly (D:14)
  5 orc wizards
  2 orc priests
  An iguana (D:10)
  5 worker ants
  An adder (D:10)
  7 orcs
  A giant cockroach (D:8)
  2 goblins (D:12)
  A kobold (D:14)
  25 fungi
  20 plants
  4 withered plants (D:15)
409 creatures vanquished.

Vanquished Creatures (others)
  2 orc warlords (Spider:4)
  Urug (Spider:1)
  4 orc knights
  An orc sorcerer (Orc:2)
  A redback (Spider:4)
  Sigmund (D:2)
  A fire elemental (D:15)
  8 orc priests
  3 humans (Spider:2)
  A hell hound (Lair:6)
  An acid dragon (Lair:6)
  7 orc warriors
  41 orcs
  6 orc wizards
  2 bushes (D:9)
  2 fungi
  19 plants
  A withered plant (D:15)
102 creatures vanquished.

Grand Total: 1171 creatures vanquished

Notes
Turn   | Place    | Note
-------+----------+-------------------------------------------
     0 | D:1      | vegansnacktivist the Hill Orc Fighter began the quest for
                  | the Orb.
     0 | D:1      | Reached XP level 1. HP: 19/19 MP: 1/1
    88 | D:1      | Reached XP level 2. HP: 18/26 MP: 2/2
   240 | D:1      | Reached XP level 3. HP: 19/31 MP: 3/3
   284 | D:1      | Reached skill level 5 in Axes
   684 | D:2      | Noticed Jessica
   702 | D:2      | Killed Jessica
   702 | D:2      | Reached XP level 4. HP: 10/39 MP: 4/4
  1034 | D:2      | Found a runed translucent door.
  1035 | D:2      | Noticed Crazy Yiuf
  1251 | D:2      | Reached XP level 5. HP: 37/45 MP: 5/5
  1601 | D:2      | Found a hazy altar of Hepliaklqana.
  1735 | D:2      | Found a bloodstained altar of Trog.
  1736 | D:2      | Noticed Sigmund
  1739 | D:2      | Killed Sigmund
  2134 | D:2      | Killed Crazy Yiuf
  2134 | D:2      | Reached XP level 6. HP: 40/51 MP: 6/6
  2386 | D:3      | Noticed Natasha
  2392 | D:3      | Killed Natasha
  2455 | D:3      | Noticed Natasha
  2475 | D:3      | Killed Natasha
  2688 | D:3      | Became a worshipper of Beogh the Brigand
  2802 | D:3      | Noticed Natasha
  2812 | D:3      | Killed Natasha
  2905 | D:3      | Found a faded altar of an unknown god.
  2933 | D:4      | Found a shadowy altar of Dithmenos.
  2952 | D:4      | Found Jinoust's Elemental Accessories.
  2976 | D:4      | Reached XP level 7. HP: 34/57 MP: 7/7
  3154 | D:4      | Found a glowing silver altar of Zin.
  3226 | D:4      | Reached skill level 10 in Axes
  3230 | D:4      | Found a glowing golden altar of the Shining One.
  3511 | D:5      | Entered Level 5 of the Dungeon
  3837 | D:5      | Noticed Pikel
  3865 | D:5      | Killed Pikel
  3865 | D:5      | Reached XP level 8. HP: 36/64 MP: 8/8
  4110 | D:6      | Reached * piety under Beogh
  4120 | D:6      | Got a tattered robe
  4137 | D:6      | Identified the +2 robe of Precision Catastrophes {rPois rF-
                  | Str+8 Dex-2} (You found it on level 6 of the Dungeon)
  4486 | D:6      | Reached XP level 9. HP: 66/70 MP: 9/9
  4488 | D:6      | Found a staircase to the Ecumenical Temple.
  4518 | D:6      | Found a hide-covered altar of Uskayaw.
  4981 | Temple   | Entered the Ecumenical Temple
  5228 | D:7      | Found Maonnaisk's Jewellery Boutique.
  5253 | D:7      | Found a sand-covered staircase.
  5345 | Ossuary  | Entered an ossuary
  5367 | Ossuary  | Reached skill level 15 in Axes
  5369 | Ossuary  | Reached ** piety under Beogh
  5481 | Ossuary  | Reached skill level 5 in Fighting
  5988 | D:7      | Got an iridescent short sword
  6020 | D:7      | Reached XP level 10. HP: 84/88 MP: 10/10
  6122 | D:7      | Found a shimmering blue altar of Sif Muna.
  6288 | D:8      | Reached *** piety under Beogh
  6332 | D:8      | Reached skill level 10 in Fighting
  6416 | D:8      | Noticed Maurice
  6423 | D:8      | Noticed Maurice
  6423 | D:8      | Maurice changed into Maurice the black bear
  6427 | D:8      | Killed Maurice the black bear
  6563 | D:8      | Found a burning altar of Makhleb.
  6805 | D:8      | Found a white marble altar of Elyvilon.
  6808 | D:8      | Found a stormy altar of Qazlal.
  6808 | D:8      | Noticed a two-headed ogre
  6813 | D:8      | Found an opulent altar of Gozag.
  6819 | D:8      | Killed a two-headed ogre
  7218 | D:9      | Noticed Harold
  7226 | D:9      | Killed Harold
  7569 | D:8      | Reached XP level 11. HP: 98/107 MP: 11/11
  7609 | D:8      | Reached skill level 4 in Armour
  7796 | D:9      | Reached skill level 5 in Armour
  7805 | D:9      | Found a staircase to the Lair.
  7833 | D:9      | Found a viscous altar of Jiyva.
  7835 | D:9      | Gained Zorug as an ally
  7840 | D:9      | Reached **** piety under Beogh
  7943 | D:9      | Found a runed translucent gate.
  7943 | D:9      | Found a runed translucent gate.
  7943 | D:9      | Found a runed translucent gate.
  7945 | D:9      | Found an opulent altar of Gozag.
  8077 | D:9      | Noticed a necromancer
  8077 | D:9      | Noticed SkeletonJelly's ghost (novice MiGl)
  8219 | D:9      | Noticed a two-headed ogre
  8231 | D:9      | Killed a two-headed ogre
  8231 | D:9      | Reached skill level 6 in Armour
  8385 | D:9      | Noticed Joseph
  8396 | D:9      | Killed Joseph
  8396 | D:9      | Reached skill level 7 in Armour
  8560 | D:10     | Entered Level 10 of the Dungeon
  8598 | D:10     | Noticed a two-headed ogre
  8604 | D:10     | Killed a two-headed ogre
  8605 | D:10     | Reached skill level 8 in Armour
  8680 | D:10     | Noticed a purple ugly thing
  8687 | D:10     | Killed a purple ugly thing
  8905 | D:10     | Reached skill level 9 in Armour
  8919 | D:10     | Found a basalt altar of Yredelemnul.
  9389 | D:11     | Identified the +5 short sword of the Dragonfly {pierce,
                  | rElec Int+2} (You found it on level 7 of the Dungeon)
  9889 | D:11     | Reached skill level 10 in Armour
 10091 | D:11     | Noticed a cyclops
 10098 | D:11     | Killed a cyclops
 10242 | Lair:1   | Entered Level 1 of the Lair of Beasts
 10274 | Lair:1   | Reached XP level 12. HP: 88/115 MP: 10/12
 10280 | Lair:1   | Reached skill level 11 in Armour
 10413 | Lair:1   | Reached ***** piety under Beogh
 10446 | Lair:1   | Reached skill level 12 in Armour
 10590 | Lair:1   | Reached skill level 13 in Armour
 10820 | Lair:1   | Noticed a four-headed hydra
 10826 | Lair:1   | Killed a four-headed hydra
 11421 | Lair:2   | Gained Bogward as an ally
 11486 | Lair:2   | Got a pair of ancient gloves
 11497 | Lair:2   | Identified the +2 pair of gloves "Kuprapseaj" {rPois} (You
                  | found it on level 2 of the Lair of Beasts)
 11568 | Lair:2   | Found a staircase to the Shoals.
 11592 | Lair:2   | Reached skill level 5 in Invocations
 12106 | Lair:2   | Noticed a seven-headed hydra
 12116 | Lair:2   | Killed a seven-headed hydra
 12140 | Lair:2   | Reached XP level 13. HP: 45/122 MP: 5/19
 13071 | Lair:3   | Reached skill level 10 in Invocations
 13146 | Lair:3   | Found a hole to the Spider Nest.
 13177 | Lair:3   | Reached skill level 5 in Shields
 14121 | Lair:4   | Reached skill level 1 in Dodging
 14884 | Lair:5   | Noticed an entropy weaver
 14897 | Lair:5   | Killed an entropy weaver
 14911 | Lair:5   | Gained Ognian as an ally
 14912 | Lair:5   | Noticed an entropy weaver
 14921 | Lair:5   | Killed an entropy weaver
 14921 | Lair:5   | Reached skill level 5 in Dodging
 15272 | Lair:5   | Noticed Rupert
 15285 | Lair:5   | Killed Rupert
 15432 | Lair:5   | Found a staircase to the Slime Pits.
 15835 | Lair:6   | Entered Level 6 of the Lair of Beasts
 16098 | Lair:6   | Your ally Zorug died
 16350 | Lair:6   | Your ally Bogward died
 16381 | Lair:6   | Reached XP level 14. HP: 123/129 MP: 21/21
 16634 | Lair:6   | Gained Bogfrid as an ally
 16885 | Lair:6   | Gained Orkwin as an ally
 18020 | Lair:6   | Learned a level 2 spell: Blink
 18024 | Lair:6   | Learned a level 3 spell: Mephitic Cloud
 18026 | Lair:6   | Learned a level 1 spell: Apportation
 18349 | D:12     | Found a staircase to the Orcish Mines.
 18618 | D:12     | Reached skill level 10 in Dodging
 19105 | D:12     | Found the +3 warlock's mirror {reflect}
 19747 | D:13     | Gained Horkud as an ally
 19751 | D:13     | Found a gate to the Vaults.
 19812 | D:13     | Noticed Urug
 20969 | D:14     | Reached XP level 15. HP: 85/135 MP: 22/22
 21361 | D:14     | Your ally Bogfrid died
 21384 | D:14     | Reached skill level 10 in Shields
 21642 | D:14     | Found a shadowy altar of Dithmenos.
 22285 | D:15     | Entered Level 15 of the Dungeon
 22292 | D:15     | Found Xuismik's Gadget Shoppe.
 22310 | D:15     | Your ally Horkud died
 22754 | D:15     | Found a staircase to the Depths.
 22798 | D:15     | Noticed Nessos
 22809 | D:15     | Killed Nessos
 23135 | D:15     | Noticed Azrael
 23144 | D:15     | Killed Azrael
 23207 | D:15     | Found a glowing golden altar of the Shining One.
 23554 | D:15     | Found a portal to a secret trove of treasure.
 23826 | Spider:1 | Entered Level 1 of the Spider Nest
 25085 | Spider:2 | Noticed a ghost moth
 25088 | Spider:2 | Killed a ghost moth
 25163 | Spider:2 | Noticed Kirke
 25166 | Spider:2 | Reached XP level 16. HP: 96/143 MP: 13/23
 25167 | Spider:2 | Gained Bogrim as an ally
 25174 | Spider:2 | Killed Kirke
 25221 | Spider:1 | Your ally died
 25506 | Spider:2 | Gained Marbaugh as an ally
 25506 | Spider:2 | Reached skill level 15 in Shields
 25908 | Spider:2 | Noticed Arachne
 25921 | Spider:2 | Killed Arachne
 26394 | Spider:2 | Noticed Aizul
 26409 | Spider:2 | Your ally Marbaugh died
 26413 | Spider:2 | Killed Aizul
 26874 | Spider:3 | Your ally Bogrim died
 26886 | Spider:3 | Reached skill level 5 in Evocations
 26911 | Spider:3 | Reached ****** piety under Beogh
 28025 | Spider:3 | Got a crystal falchion
 28270 | Lair:1   | Identified the +9 falchion "Ojogga" {slice, rPois Dex+2}
                  | (You found it on level 3 of the Spider Nest)
 28458 | Spider:4 | Entered Level 4 of the Spider Nest
 29371 | Spider:4 | Reached skill level 14 in Armour
 29375 | Spider:4 | Reached XP level 17. HP: 129/149 MP: 24/24
 29450 | Spider:4 | Your ally Orkwin died
 29792 | Spider:4 | Reached skill level 15 in Armour
 29941 | Spider:4 | Your ally Ognian died
 30080 | Spider:4 | Reached skill level 16 in Armour
 30484 | Spider:4 | Got a transparent scimitar
 31090 | Spider:4 | Got a gossamer rune of Zot
 31248 | Spider:4 | Identified a scroll of acquirement
 31430 | Lair:1   | Identified the +10 scimitar "Etoremo" {freeze, Dex+3} (You
                  | found it on level 4 of the Spider Nest)
 31513 | Orc:1    | Entered Level 1 of the Orcish Mines
 31519 | Orc:1    | Reached skill level 17 in Armour
 31884 | Orc:1    | Gained Orkrul as an ally
 31933 | Orc:1    | Gained Bogmar as an ally
 32154 | Orc:2    | Entered Level 2 of the Orcish Mines
 32255 | Orc:2    | Found Intousat's Antique Armour Boutique.
 32255 | Orc:2    | Found Cacweth's Jewellery Shoppe.
 32257 | Orc:2    | Your ally Bogmar died
 32259 | Orc:2    | Demolished by an orc knight

Levels and vault maps discovered:
D:1:      dpeg_arrival_stone_temple_mockup, layout_basic,
          chequers_serial_rivers_large_b, minmay_3d_cube
D:2:      kennysheep_six_static_rooms, layout_rooms, lemuel_round_altar,
          trog_book, uniq_sigmund, uniq_jessica, uniq_crazy_yiuf_cottage
D:3:      layout_basic, first_ration, chequers_ecumenical_altar_simple,
          uniq_natasha
D:4:      layout_gridville, zin_statuary, lemuel_crystal_altar,
          nicolae_tso_carved_into_rock, chequers_serial_rivers_micro_e,
          nicolae_elemental_shop, minmay_stone_trees_medium
D:5:      layout_loops_ring, minmay_a_box_with_orc_wizards_in_it, uniq_pikel
D:6:      layout_gridville, eat_drink_and_be_merry_uskayaw,
          minmay_temple_entry_nine_rooms
D:7:      layout_basic, kennysheep_little_box, enter_ossuary_1, serial_shops,
          shop
D:8:      layout_rooms, lemuel_coloured_pillars_altar,
          grunt_temple_overflow_open, uniq_maurice
D:9:      layout_long_grid, minmay_lair_entry_grove, ebering_ghost_gozag,
          jiyva_altar_1, uniq_harold, uniq_joseph
D:10:     layout_cave_pools, basic_altar, hangedman_stone_soup,
          small_statue_intersection, minmay_misc_feat_more_columns
D:11:     layout_basic
D:12:     minmay_smoke_and_mirrors, layout_irregular_city, erik_orc_4
D:13:     layout_grid_maze, erik_vaults_1, uniq_urug
D:14:     layout_loops_ring, nicolae_dithmenos_through_a_glass_darkly
D:15:     gammafunk_depths_entry_grave, layout_long_grid, serial_shops,
          nicolae_shop_statue_plus, grunt_decor_one_mirror,
          nicolae_trove_entry_crystal, basic_altar, uniq_azrael, uniq_nessos
Temple:   minmay_temple_bridge_abc
Lair:1:   layout_chaotic_city
Lair:2:   layout_cave_pods, elwin_shoals_entry_rooms, st_stairs_5,
          nzn_random_ring
Lair:3:   layout_loops_ring, spider_nest_entry_webs, serial_bayou_shore_a
Lair:4:   layout_hall_layers, grunt_megastairs_3
Lair:5:   layout_regular_city, slime_dummy, wad_woods_antlair, uniq_rupert
Lair:6:   hangedman_lair_caniforms_friends, layout_regular_city,
          guppyfry_lair_end_dragon, st_stairs_6, guppyfry_lair_drakes,
          grunt_megastairs_5, infiniplex_staircase_pool
Spider:1: layout_spider_delve, hangedman_spider_mandibles
Spider:2: layout_spider_delve, uniq_aizul, uniq_arachne, uniq_kirke
Spider:3: layout_spider_delve, hangedman_spider_tarantella_strand
Spider:4: grunt_spider_rune_circles
Orc:1:    layout_caves
Orc:2:    grunt_orc_tribal_feast, layout_diamond_mine, serial_shops,
          nicolae_shop_crystal, nicolae_shop_crystal

Skill      XL: |  1  2  3  4  5  6  7  8  9 10 11 12 13 14 15 16 17 |
---------------+----------------------------------------------------+-----
Axes           | 3 4 6 8 9 12 14 15 | 15.5
Fighting       | 8 13 | 13.1
Armour         | 10 13 14 17 | 17.4
Invocations    | 9 10 | 10.0
Shields        | 6 8 14 15 | 15.2
Dodging        | 7 11 | 11.0
Evocations     | 9 |  9.1

Action                   |  1- 3 |  4- 6 |  7- 9 | 10-12 | 13-15 | 16-18 || total
-------------------------+-------+-------+-------+-------+-------+-------++-------
Melee: War axe           |    81 |   205 |   282 |   449 |   872 |   480 ||  2369
       Unarmed           |       |       |    22 |       |       |       ||    22
Throw: Dart              |       |       |     6 |    17 |     2 |     6 ||    31
       Throwing net      |       |       |     1 |       |       |       ||     1
Invok: Convert to Beogh  |       |     1 |       |       |       |       ||     1
       Recall Orcish Fol |       |       |       |     5 |    21 |    14 ||    40
       Stop Recall       |       |       |       |     1 |       |       ||     1
       Smiting           |       |       |       |     7 |    30 |    11 ||    48
       Give Item to Name |       |       |       |     1 |     2 |     3 ||     6
       Resurrection      |       |       |       |       |       |     1 ||     1
Evoke: Wand              |       |       |       |     1 |    21 |    33 ||    55
       Sack of spiders   |       |       |       |       |       |     5 ||     5
       Lightning rod     |       |       |       |       |       |     3 ||     3
  Use: Scroll            |       |       |     8 |    11 |    13 |     4 ||    36
       Potion            |       |       |       |       |     1 |     1 ||     2
 Stab: Confused          |       |       |     2 |       |       |       ||     2
       Distracted        |       |       |       |     4 |     7 |     2 ||    13
       Petrified         |       |       |       |       |     3 |       ||     3
       Paralysed         |       |       |       |       |       |     6 ||     6
  Eat: Chunk             |       |     6 |     9 |    14 |    25 |     9 ||    63
       Ration            |       |       |     1 |     1 |     5 |     4 ||    11
Armor: Scale mail        |    38 |    80 |   111 |    46 |       |       ||   275
       Skin              |       |       |     7 |       |       |       ||     7
       Chain mail        |       |       |       |   142 |   330 |   238 ||   710
Dodge: Dodged            |    44 |    66 |    80 |    97 |   329 |   333 ||   949
Block: Shield            |    47 |    92 |    87 |   184 |   208 |       ||   618
       Buckler           |       |       |       |       |   153 |   273 ||   426
       Reflection        |       |       |       |       |    18 |     5 ||    23

Table legend:
 A = Non-vault XP
 B = Vault XP
 C = Vault XP percentage of total XP
 D = Non-vault monster count
 E = Vault monster count
 F = Vault count percentage of total count
                 A         B        C        D         E       F
            +---------+---------+-------+---------+---------+-------
      Total |  135062 |   70499 |  34.3 |     752 |     253 |  25.2
            +---------+---------+-------+---------+---------+-------
        D:1 |      62 |       3 |   4.6 |      35 |       2 |   5.4
        D:2 |     155 |     100 |  39.2 |      33 |       8 |  19.5
        D:3 |     224 |      35 |  13.5 |      28 |       1 |   3.4
        D:4 |     188 |       0 |   0.0 |      12 |       0 |   0.0
        D:5 |     154 |     790 |  83.7 |       6 |       4 |  40.0
        D:6 |    1091 |       0 |   0.0 |      27 |       0 |   0.0
        D:7 |    1152 |       0 |   0.0 |      36 |       0 |   0.0
        D:8 |    2742 |    1271 |  31.7 |      34 |       8 |  19.0
        D:9 |    1437 |    2258 |  61.1 |      12 |      11 |  47.8
       D:10 |    2824 |     326 |  10.3 |      27 |       4 |  12.9
       D:11 |    2209 |       0 |   0.0 |      21 |       0 |   0.0
       D:12 |    4037 |    6663 |  62.3 |      21 |      17 |  44.7
       D:13 |    7426 |    1372 |  15.6 |      26 |       2 |   7.1
       D:14 |   10258 |       0 |   0.0 |      37 |       0 |   0.0
       D:15 |   10775 |    6695 |  38.3 |      22 |      14 |  38.9
     Lair:1 |    8133 |       0 |   0.0 |      39 |       0 |   0.0
     Lair:2 |    2455 |    4560 |  65.0 |      16 |      20 |  55.6
     Lair:3 |    3514 |     661 |  15.8 |      17 |       3 |  15.0
     Lair:4 |    2821 |     539 |  16.0 |      15 |       3 |  16.7
     Lair:5 |    3569 |    5535 |  60.8 |      19 |      16 |  45.7
     Lair:6 |    4663 |   11517 |  71.2 |      23 |      75 |  76.5
   Spider:1 |    8854 |       0 |   0.0 |      43 |       0 |   0.0
   Spider:2 |   20494 |    4928 |  19.4 |      62 |       6 |   8.8
   Spider:3 |   16689 |     214 |   1.3 |      67 |       1 |   1.5
   Spider:4 |   16953 |   20137 |  54.3 |      53 |      36 |  40.4
      Orc:1 |    1966 |       0 |   0.0 |      17 |       0 |   0.0
      Orc:2 |     217 |    2033 |  90.4 |       4 |       7 |  63.6
    Ossuary |       0 |     862 | 100.0 |       0 |      15 | 100.0
            +---------+---------+-------+---------+---------+-------
